cohdb
Replays
Latest Replays
All Replays
Popular Replays
Top Player Replays
Match Explorer
How It Works
Community
CoH3 Stats
Reddit
Sign in to upload your games and track your stats! →
Sign in with Steam
Match 36611736
Unlisted
Match 36611736
Overview
Messages
Build Orders
End
Construct Section Command Post
Infantry Section
Selects Indian Artillery Battlegroup
Infantry Section
Infantry Section
ML 3-inch Mortar Team
Construct Platoon Command Post
CMP 15cwt Truck
Selects Artillery Saturation
ML 3-inch Mortar Team
Grenade Package
6-pounder Anti-tank Gun Team
Construct Company Command Post
Selects Off-map Airburst Barrage
Selects BL5.5 Artillery Emplacement
Foot Guards Section
Sukulaku
桃红的创意
H404.CatfishLover
mayham_iZ4
UH|dun! ツ
UH|ck
UH|XTC
iceman
0
0
Comments
sign in to comment!
No comments posted yet!